 Dungeon Crawl Stone Soup version 0.17.0-57-g0e89251 (webtiles) character file.

1271 sugabear the Ducker (level 8, -2/73 HPs)
             Began as a Gargoyle Gladiator on Dec 8, 2015.
             Was an Initiate of Qazlal.
             Slain by a wight
             ... wielding a cursed +3 battleaxe
              (3 damage)
             ... on level 6 of the Dungeon.
             The game lasted 00:09:48 (5953 turns).

sugabear the Ducker (Gargoyle Gladiator)            Turns: 5953, Time: 00:09:48

Health: -2/73      AC: 24    Str: 23    XL:     8   Next: 53%
Magic:  9/9        EV:  2    Int: 11    God:    Qazlal [......]
Gold:   311        SH:  0    Dex: 11    Spells: 0 memorised, 7 levels left

rFire  . . .     SeeInvis .     a - +0 flail
rCold  . . .     Clarity  .     (armour currently unavailable)
rNeg   + + +     SustAt   .     (no shield)
rPois  ∞         Gourm    .     (helmet currently unavailable)
rElec  .         Spirit   .     (cloak currently unavailable)
rCorr  .         Warding  .     (gloves currently unavailable)
rMut   .         NoTele   +     (boots currently unavailable)
MR     .....                    (no amulet)
Stlth  +++.......               (no ring)
                                (no ring)

@: mighty, tree-form, not resistant to hostile enchantments, fairly stealthy
A: negative energy resistance 1, (electricity resistance), (unbreathing),
petrification resistance, rot immunity, AC +5
a: Renounce Religion


You were on level 6 of the Dungeon.
You worshipped Qazlal.
Qazlal was noncommittal.
You were not hungry.
You were a tree.
You visited 2 branches of the dungeon, and saw 7 of its levels.

You collected 311 gold pieces.

Inventory:

Hand Weapons
 a - a +0 flail (weapon)
Missiles
 d - 2 throwing nets (quivered)
Armour
 b - a +0 leather armour (melded)
 c - a +0 helmet (melded)
Jewellery
 m - a cursed -3 ring of evasion {unknown}
 A - an uncursed ring of see invisible {unknown}
Wands
 y - a wand of frost (3)
Scrolls
 f - 3 scrolls of noise {unknown}
 g - a scroll of teleportation {unknown}
 h - a scroll of blinking {unknown}
 i - 2 scrolls of remove curse {unknown}
 l - a scroll of fear {unknown}
 q - 3 scrolls of enchant weapon {unknown}
 r - 2 scrolls of recharging {unknown}
 u - 2 scrolls of immolation {unknown}
 x - 7 scrolls of identify {unknown}
Potions
 p - a potion of poison {unknown}
 s - 3 potions of degeneration {unknown}
 t - 2 potions of cancellation {unknown}
 w - 2 potions of haste {unknown}
Comestibles
 e - 4 bread rations
 j - 3 meat rations
 k - 5 beef jerkies
 z - 2 chunks of flesh


   Skills:
 + Level 5.0 Fighting
 + Level 5.6 Maces & Flails
 + Level 1.8 Throwing
 + Level 3.0 Armour
 + Level 5.7 Dodging
 + Level 2.5 Stealth
 * Level 2.2 Invocations


You had 7 spell levels left.
You didn't know any spells.

Dungeon Overview and Level Annotations

Branches:
Dungeon (6/15)             Temple (1/1) D:5

Altars:
Cheibriados
Dithmenos
Elyvilon
Fedhas
Gozag
Kikubaaqudgha
Makhleb
Nemelex Xobeh
Okawaru
Qazlal
Ru
Sif Muna
Trog
Vehumet
Yredelemnul
Zin
The Shining One


Innate Abilities, Weirdness & Mutations

You are resistant to torment.
((Your stone body is resilient (AC +5).))
You are immune to poison.
You resist negative energy.
((You are resistant to electric shocks.))
((You can survive without breathing.))
You are immune to petrification.
You are immune to rotting.


Message History

Your Fighting skill increases to level 5!
Your Armour skill increases to level 3!
The wight hits you but does no damage. x2
The adder bites you but does no damage.
You closely miss the adder. The adder bites you but does no damage.
The wight hits you with an enchanted battleaxe.
* * * LOW HITPOINT WARNING * * *
The wight hits you but does no damage.
Unknown command.
You barely miss the adder. The adder bites you but does no damage.
The wight hits you but does no damage. x2
The adder bites you but does no damage.
You sock the adder!
You kill the adder!
Qazlal accepts your kill.
The wight hits you but does no damage. x2
Unknown command.
You barely miss the wight. The wight hits you but does no damage.
The wight hits you with an enchanted battleaxe.
You die...

###
#<#
#..
#.#
#..
..#
#.#
##.#
.z#
...
#z##
#.#
#zz#
..#
#z#
#.#
#♣#
#.).#
#.###
#. #


You could see 5 wights.

Vanquished Creatures
  A phantom (D:5)
  2 ogres
  A big kobold (D:5)
  A centaur (D:5)
  3 crimson imps
  4 hounds
  A jelly (D:5)
  An orc priest (D:3)
  2 orc wizards (D:5)
  A centaur skeleton (D:4)
  Terence (D:2)
  6 worker ants
  3 gnolls (D:2)
  15 adders
  2 oozes
  2 worms
  2 adder skeletons (D:4)
  4 giant geckos
  15 orcs
  A ball python (D:4)
  16 bats
  6 giant cockroaches
  7 hobgoblins
  10 jackals
  13 kobolds
  A quokka (D:2)
  5 giant newts
  8 goblins
  2 jackal skeletons (D:4)
  10 rats
146 creatures vanquished.

Notes
Turn   | Place    | Note
--------------------------------------------------------------
     0 | D:1      | sugabear the Gargoyle Gladiator began the quest for the Orb.
     0 | D:1      | Reached XP level 1. HP: 12/12 MP: 1/1
    82 | D:1      | Reached XP level 2. HP: 18/18 MP: 2/2
   255 | D:1      | Reached XP level 3. HP: 20/22 MP: 3/3
   621 | D:2      | Noticed Terence
   637 | D:2      | Killed Terence
   637 | D:2      | Reached XP level 4. HP: 8/27 MP: 4/4
   666 | D:2      | Reached skill level 1 in Armour
  1209 | D:2      | Reached XP level 5. HP: 30/32 MP: 5/5
  1342 | D:2      | Found an iron altar of Okawaru.
  1744 | D:3      | Reached skill level 4 in Dodging
  1744 | D:3      | Reached skill level 1 in Stealth
  1794 | D:3      | Found an opulent altar of Gozag.
  2265 | D:3      | Reached XP level 6. HP: 24/37 MP: 6/6
  2899 | D:5      | Entered Level 5 of the Dungeon
  3401 | D:4      | Reached XP level 7. HP: 33/42 MP: 7/7
  4128 | D:4      | Reached skill level 5 in Dodging
  4752 | D:5      | Found a staircase to the Ecumenical Temple.
  4762 | D:5      | Reached skill level 5 in Maces & Flails
  4762 | D:5      | Reached XP level 8. HP: 30/48 MP: 8/8
  4846 | Temple   | Entered the Ecumenical Temple
  4986 | Temple   | Became a worshipper of Qazlal Stormbringer
  5058 | D:5      | HP: 3/72 [phantom (5)]
  5074 | D:5      | Reached skill level 1 in Invocations
  5949 | D:6      | Reached skill level 5 in Fighting
  5950 | D:6      | HP: 1/73 [wight/enchanted battleaxe (6)]
  5953 | D:6      | Slain by a wight

Action                   |  1- 3 |  4- 6 |  7- 9 || total
-------------------------+-------+-------+-------++-------
Melee: Flail             |   133 |   259 |   268 ||   660
Throw: Throwing net      |       |     1 |     1 ||     2
  Use: Potion            |       |       |     6 ||     6
 Stab: Distracted        |       |     1 |       ||     1
       Sleeping          |       |     1 |     1 ||     2
  Eat: Chunk             |       |     9 |     8 ||    17
